 Dungeon Crawl Stone Soup version 0.20.1-2-g1830e616b0 (webtiles) character file.

146 Alfie the Shooter (level 5, 0/39 HPs)
             Began as a Human Hunter on Jan 23, 2020.
             Slain by Alfie's ghost (10 damage)
             ... on level 4 of the Dungeon.
             The game lasted 00:09:58 (2321 turns).

Alfie the Shooter (Human Hunter)                    Turns: 2321, Time: 00:09:58

Health: 0/39       AC:  5    Str: 13    XL:     5   Next: 53%
Magic:  5/5        EV: 12    Int: 11    God:
Gold:   138        SH:  0    Dex: 14    Spells: 4/4 levels left

rFire    . . .     SeeInvis .   b - +1 short sword
rCold    . . .     Gourm    .   (no shield)
rNeg     . . .     Faith    .   o - +0 leather armour {rPois}
rPois    +         Spirit   .   i - +1 helmet
rElec    .         Reflect  .   (no cloak)
rCorr    .         Harm     .   (no gloves)
MR       .....                  (no boots)
Stlth    ++........             (no amulet)
Regen    0.2/turn               (no ring)
MPRegen  0.1/turn               (no ring)

@: no status effects
A: no striking features
a: no special abilities


You were on level 4 of the Dungeon.
You were not hungry.

You visited 1 branch of the dungeon, and saw 4 of its levels.

You collected 138 gold pieces.

Inventory:

Hand Weapons
 a - a +1 shortbow
 b - a +1 short sword (weapon)
Missiles
 d - 4 arrows
Armour
 i - a +1 helmet (worn)
 o - a +0 leather armour of poison resistance (worn)
Jewellery
 c - an uncursed ring of flight {unknown}
 j - an uncursed ring of flight {unknown}
Wands
 q - a wand of random effects (21/48)
 r - a wand of flame (27/48)
Scrolls
 g - 2 scrolls of amnesia
 l - a scroll of teleportation
 m - a scroll of fog
Potions
 e - a potion of brilliance {unknown}
 k - a potion of lignification {unknown}
 n - 2 potions of agility
Comestibles
 f - 2 bread rations
 h - 6 fruits
 p - a meat ration


   Skills:
 + Level 2.6 Fighting
 + Level 1.5 Short Blades
 + Level 5.2 Bows
 + Level 1.4 Armour
 + Level 2.3 Dodging
 + Level 1.3 Stealth


You had 4 spell levels left.
You didn't know any spells.

Dungeon Overview and Level Annotations

Branches:
Dungeon (4/15)
 Temple: D:4-7

Altars:
Ashenzari
Xom

Annotations:
D:3 Sigmund
D:4 Alfie's ghost, amateur HuHu


Message History

The ooze is heavily wounded.
The ooze hits you.
You barely miss the ooze.
The ooze is heavily wounded.
The ooze misses you.
You barely miss the ooze.
The ooze is heavily wounded.
The ooze hits you but does no damage.
You hit the ooze.
The ooze is severely wounded.
Alfie's ghost hits you. The ooze closely misses you.
You puncture the ooze!
You kill the ooze!
Alfie's ghost hits you.
Alfie's ghost whispers, "The ORB doesn't exist."
Alfie's ghost hits you!
* * * LOW HITPOINT WARNING * * *
There is an escape hatch in the floor here.
Alfie's ghost hits you!
You die...

#...#..##.#####.##.##.##
.......##.# #.##.....#
.......##.## #.#####..#
.......#...####.# #..#
#...#...........# #..#
#...##.#...####<# #..#
###.##.##.## #.# #..#
#.##.##.#####.#####..#
#.#...........@W.....#
#.##.#...............#
#.##.#...#.##.######.#
#.##.##.##.##.# .#
#.#.#.#.##.##.# .#
#..###..##.##.# .#
##..#.####.##.# .#
#.#.## #.##.# .. #.#.#
#.##.#


You could see Alfie's ghost.

Vanquished Creatures
  A worker ant (D:4)
  Robin (D:4)
  4 adders (D:2)
  2 oozes (D:4)
  A worm (D:2)
  2 leopard geckos
  10 goblins
  10 hobgoblins
  6 jackals
  A quokka (D:2)
  3 ball pythons
  9 bats
  4 frilled lizards
  5 kobolds
  4 rats
63 creatures vanquished.

Notes
Turn   | Place    | Note
-------+----------+-------------------------------------------
     0 | D:1      | Alfie the Human Hunter began the quest for the Orb.
     0 | D:1      | Reached XP level 1. HP: 16/16 MP: 1/1
   132 | D:1      | Reached XP level 2. HP: 22/22 MP: 2/2
   938 | D:2      | Reached XP level 3. HP: 25/27 MP: 3/3
  1135 | D:2      | Found a shimmering altar of Xom.
  1149 | D:2      | Reached XP level 4. HP: 34/34 MP: 4/4
  1203 | D:2      | Reached skill level 5 in Bows
  1259 | D:2      | Reached skill level 1 in Armour
  1819 | D:3      | Found a faded altar of an unknown god.
  1913 | D:3      | Noticed Sigmund
  1961 | D:4      | Found a shattered altar of Ashenzari.
  2054 | D:4      | Noticed Robin
  2057 | D:4      | Reached XP level 5. HP: 39/39 MP: 5/5
  2078 | D:4      | Killed Robin
  2088 | D:4      | Reached skill level 1 in Short Blades
  2299 | D:4      | Noticed Alfie's ghost (amateur HuHu)
  2321 | D:4      | Slain by Alfie's ghost

Skill      XL: |  1  2  3  4  5 |
---------------+----------------+-----
Bows           | 5 |  5.2
Armour         | 1 |  1.4
Short Blades   | 1 |  1.5
Fighting       | |  2.6
Dodging        | |  2.3
Stealth        | |  1.3

Action                   |  1- 3 |  4- 6 || total
-------------------------+-------+-------++-------
Melee: Short sword       |       |   119 ||   119
 Fire: Shortbow          |    68 |    32 ||   100
  Use: Scroll            |     6 |     2 ||     8
       Potion            |       |     3 ||     3
 Stab: Sleeping          |       |     3 ||     3
  Eat: Fruit             |     1 |       ||     1
       Royal jelly       |       |     2 ||     2
Armor: Leather armour    |     3 |    27 ||    30
Dodge: Dodged            |    12 |    91 ||   103
